 Dungeon Crawl Stone Soup version 0.28-a0-533-g9f97627e2a (webtiles) character file.

Game seed: 3982615397136532275

2651 Gargoyl the Fighter (level 9, -3/74 HPs)
             Began as a Gnoll Abyssal Knight on Sept 25, 2021.
             Was a Priest of Lugonu.
             Slain by a cyan ugly thing (5 damage)
             ... on level 7 of the Dungeon.
             The game lasted 00:08:24 (8113 turns).

Gargoyl the Fighter (Gnoll Abyssal Knight)          Turns: 8113, Time: 00:08:25

Health: -3/74      AC: 14    Str: 16    XL:     9   Next: 62%
Magic:  15/15      EV:  7    Int: 10    God:    Lugonu [***...]
Gold:   325        SH:  0    Dex: 18    Spells: 16/16 levels left

rFire   + + .      SeeInvis .   o - +5 quarterstaff (chaos)
rCold   + . .      Faith    .   (shield currently unavailable)
rNeg    . . .      Spirit   .   y - +0 plate armour
rPois   .          Reflect  .   (no helmet)
rElec   .          Harm     .   j - scarf {rC+ rF+}
rCorr   .          Rampage  .   k - +0 pair of gloves
Will    .....                   (no boots)
Stlth   ..........              c - amulet of the acrobat
HPRegen 0.22/turn               m - +6 ring of dexterity
MPRegen 0.14/turn               q - ring of protection from fire

@: no status effects
A: fangs 1, strong nose, distributed training
a: Renounce Religion, Depart the Abyss, Bend Space, Banish


You were on level 7 of the Dungeon.
You worshipped Lugonu.
Lugonu was most pleased with you.
You visited 1 branch of the dungeon, and saw 7 of its levels.
You visited the Abyss 1 time.

You collected 325 gold pieces.

Inventory:

Hand Weapons
 a - a +1 hand axe
 o - a +5 quarterstaff of chaos (weapon)
 t - a +3 long sword
Missiles
 f - a javelin (quivered)
Armour
 d - a +0 pair of boots
 j - a scarf of resistance (worn)
 k - a +0 pair of gloves (worn)
 y - a +0 plate armour (worn)
Jewellery
 c - an amulet of the acrobat (around neck)
 m - a +6 ring of dexterity (left hand)
 q - a ring of protection from fire (right hand)
 r - a ring of flight
Wands
 e - a wand of flame (17)
 g - a wand of paralysis (11)
 p - a wand of charming (7)
 s - a wand of iceblast (12)
Scrolls
 v - a scroll of blinking {unknown}
 w - a scroll of teleportation
Potions
 b - a potion of cancellation
 h - a potion of ambrosia
 i - 2 potions of curing
 l - a potion of haste {unknown}
 n - a potion of heal wounds
 u - a potion of degeneration {unknown}


   Skills:
 + Level 8.0 Fighting
 + Level 4.4 Short Blades
 + Level 4.4 Long Blades
 + Level 6.4 Axes
 + Level 4.4 Maces & Flails
 + Level 4.4 Polearms
 + Level 4.4 Staves
 + Level 4.4 Slings
 + Level 4.4 Bows
 + Level 4.4 Crossbows
 + Level 4.4 Throwing
 + Level 6.4 Armour
 + Level 5.2 Dodging
 + Level 4.4 Stealth
 + Level 4.4 Shields
 + Level 4.4 Unarmed Combat
 + Level 4.4 Spellcasting
 + Level 3.6 Conjurations
 + Level 3.6 Hexes
 + Level 3.6 Summonings
 + Level 3.6 Necromancy
 + Level 3.6 Translocations
 + Level 3.6 Transmutations
 + Level 3.6 Fire Magic
 + Level 3.6 Ice Magic
 + Level 3.6 Air Magic
 + Level 3.6 Earth Magic
 + Level 3.6 Poison Magic
 + Level 6.7 Invocations
 + Level 4.4 Evocations


You had 16 spell levels left.
You didn't know any spells.
Your spell library contained the following spells:

 Spells                   Type           Power      Damage    Failure   Level
 Beastly Appendage        Tmut           18%        N/A       94%         1
 Shock                    Conj/Air       36%        1d5       94%         1
 Blink                    Tloc           N/A        N/A       98%         2
 Corpse Rot               Necr/Air       N/A        N/A       98%         2
 Poisonous Vapours        Pois/Air       18%        N/A       98%         2
 Wereblood                Tmut           9%         N/A       98%         2
 Dazzling Flash           Conj/Hex       18%        N/A       100%        3
 Ignite Poison            Fire/Tmut/Pois 9%         N/A       100%        3
 Lesser Beckoning         Tloc           9%         N/A       100%        3
 Mephitic Cloud           Conj/Pois/Air  9%         N/A       100%        3
 Spider Form              Tmut/Pois      4%         N/A       100%        3
 Stone Arrow              Conj/Erth      18%        3d8       100%        3
 Swiftness                Air            9%         N/A       100%        3
 Tukima's Dance           Hex            9%         N/A       100%        3
 Airstrike                Air            4%         N/A       100%        4
 Animate Armour           Summ/Erth      18%        N/A       100%        4
 Iskenderun's Mystic Bla  Conj/Tloc      9%         2d4       100%        4
 Leda's Liquefaction      Hex/Erth       4%         N/A       100%        4
 Passage of Golubria      Tloc           N/A        N/A       100%        4
 Blade Hands              Tmut           4%         N/A       100%        5
 Freezing Cloud           Conj/Ice/Air   4%         6-21      100%        5
 Irradiate                Conj/Tmut      4%         3d15      100%        5
 Lee's Rapid Deconstruct  Erth           4%         3d6*      100%        5
 Manifold Assault         Tloc           9%         N/A       100%        5
 Yara's Violent Unravell  Hex/Tmut       4%         3d4       100%        5
 Starburst                Conj/Fire      4%         6d4       100%        6
 Statue Form              Tmut/Erth      6%         N/A       100%        6
 Dragon Form              Tmut           4%         N/A       100%        7
 Lehudib's Crystal Spear  Conj/Erth      4%         10d3      100%        8


Dungeon Overview and Level Annotations

Branches:
Dungeon (7/15)             Temple (0/1) D:7

Altars:
Ashenzari
Gozag
Kikubaaqudgha
Makhleb
Qazlal
Sif Muna
Vehumet
Xom
Zin
The Shining One


Innate Abilities, Weirdness & Mutations

You have very sharp teeth.
Your uncanny sense of smell can sniff out nearby items.
Your experience applies equally to all skills.


Message History

The manticore claws you but does no damage.
The manticore claws you.
You hit the manticore.
The manticore is poisoned.
You bite the manticore.
The manticore is heavily wounded.
The manticore bites you. The manticore barely misses you.
The manticore claws you.
Unknown command.
You hit the manticore. You freeze the manticore.
The manticore is heavily wounded.
The manticore bites you. The manticore claws you.
The manticore claws you but does no damage.
Unknown command.
You hit the manticore.
The manticore seems to speed up.
The manticore is severely wounded.
The cyan ugly thing seems less confused.
The manticore barely misses you. The manticore claws you!
* * * LOW HITPOINT WARNING * * *
The manticore claws you but does no damage.
Unknown command.
You hit the manticore. You freeze the manticore.
Your bite misses the manticore.
The manticore is severely wounded.
The manticore bites you.
* * * LOW HITPOINT WARNING * * *
The manticore claws you.
* * * LOW HITPOINT WARNING * * *
The manticore claws you but does no damage.
The cyan ugly thing gores you but does no damage.
The manticore bites you.
* * * LOW HITPOINT WARNING * * *
The manticore barely misses you.
The manticore claws you but does no damage.
You closely miss the cyan ugly thing. You bite the cyan ugly thing.
The cyan ugly thing is severely wounded.
The manticore bites you but does no damage.
The manticore claws you!
* * * LOW HITPOINT WARNING * * *
The manticore claws you but does no damage.
The cyan ugly thing gores you.
You die...

,** #...,,.........# ##. ,,*
##.#**#######.## ## #># #.*
####.### # #.# *,* #......# ###
#.# *,* #.##.#.# #..
..###******,* #.##.#.# #..
....,,,,,,,,* #..#.#.# ###..
..#********########..#####**#....
#.# #$.[H@.#..#,,+,∆,###.# ..#
#$)[#u.#..#,,*,8,* #.# ###
#).∆#..#).#,,*,∆,* #.# #
#####..#..#,,***** #.. #
#......#.F#,,,,,,* #.. #
#..(...#..#,,,,,,##### #
#..#####.F#####.,#...# #
#......#..#.o...,###.# #
#......#..#..K..,* #.#


You could see a cyan ugly thing and a manticore (fast, poisoned).

Vanquished Creatures
  A yak (D:7)
  A wyvern (D:7)
  A water moccasin (D:4)
  3 ice beasts
  A black bear (D:5)
  A sky beast (D:7)
  A necrophage (D:4)
  2 ogres
  A phantom (D:6)
  A bullfrog (D:6)
  3 scorpions
  9 wights
  A centaur zombie (D:6)
  Crazy Yiuf (D:4)
  2 bullfrog zombies
  An orc priest (D:7)
  4 hounds
  3 iguanas
  4 bullfrog skeletons
  2 orc wizards
  2 killer bee zombies
  A hound zombie (D:5)
  A hound skeleton (D:5)
  2 howler monkey zombies (D:7)
  A howler monkey skeleton (D:5)
  9 adders
  4 gnolls (D:6)
  A shadow imp (D:7)
  2 ufetubi
  An adder skeleton (D:4)
  2 worms
  4 dart slugs
  14 orcs
  7 endoplasms
  7 giant cockroaches
  7 goblins
  4 hobgoblins
  6 jackals
  2 quokkas
  13 ball pythons
  6 bats
  4 frilled lizards (D:1)
  6 kobolds
  A quokka zombie (D:3)
  3 rats
153 creatures vanquished.

Notes
Turn   | Place    | Note
-------+----------+-------------------------------------------
     0 | Abyss:1  | Gargoyl the Gnoll Abyssal Knight began the quest for the
                  | Orb.
     0 | Abyss:1  | Reached XP level 1. HP: 23/23 MP: 3/3
    72 | Abyss:1  | Noticed a neqoxec
    72 | Abyss:1  | Noticed a large abomination
    73 | D:1      | Escaped the Abyss
   295 | D:1      | Reached XP level 2. HP: 28/29 MP: 5/5
   450 | D:1      | Found a faded altar of an unknown god.
   453 | D:1      | Reached * piety under Lugonu
   622 | D:1      | Reached XP level 3. HP: 35/35 MP: 6/6
  1225 | D:2      | Reached skill level 1 in Short Blades
  1225 | D:2      | Reached skill level 1 in Long Blades
  1225 | D:2      | Reached skill level 1 in Maces & Flails
  1225 | D:2      | Reached skill level 1 in Polearms
  1225 | D:2      | Reached skill level 1 in Staves
  1225 | D:2      | Reached skill level 1 in Slings
  1225 | D:2      | Reached skill level 1 in Bows
  1225 | D:2      | Reached skill level 1 in Crossbows
  1225 | D:2      | Reached skill level 1 in Throwing
  1225 | D:2      | Reached skill level 1 in Stealth
  1225 | D:2      | Reached skill level 1 in Shields
  1225 | D:2      | Reached skill level 1 in Unarmed Combat
  1225 | D:2      | Reached skill level 1 in Spellcasting
  1225 | D:2      | Reached skill level 1 in Evocations
  1319 | D:2      | Reached XP level 4. HP: 41/41 MP: 7/7
  1625 | D:3      | Noticed a water elemental
  1627 | D:3      | Found a stormy altar of Qazlal.
  1629 | D:3      | Noticed an air elemental
  1629 | D:3      | Noticed an earth elemental
  1629 | D:3      | Noticed a fire elemental
  1687 | D:3      | Reached skill level 1 in Conjurations
  1687 | D:3      | Reached skill level 1 in Hexes
  1687 | D:3      | Reached skill level 1 in Summonings
  1687 | D:3      | Reached skill level 1 in Necromancy
  1687 | D:3      | Reached skill level 1 in Translocations
  1687 | D:3      | Reached skill level 1 in Transmutations
  1687 | D:3      | Reached skill level 1 in Fire Magic
  1687 | D:3      | Reached skill level 1 in Ice Magic
  1687 | D:3      | Reached skill level 1 in Air Magic
  1687 | D:3      | Reached skill level 1 in Earth Magic
  1687 | D:3      | Reached skill level 1 in Poison Magic
  1849 | D:3      | Reached XP level 5. HP: 23/47 MP: 8/8
  2033 | D:3      | You fall into a shaft and drop 3 floors!
  2042 | D:5      | Entered Level 5 of the Dungeon
  2153 | D:5      | Noticed a black bear
  2167 | D:5      | Killed a black bear
  2168 | D:5      | Reached skill level 5 in Invocations
  2168 | D:5      | Reached XP level 6. HP: 12/53 MP: 9/9
  2480 | D:5      | Found an ancient bone altar of Kikubaaqudgha.
  2550 | D:3      | Found a glowing silver altar of Zin.
  2679 | D:3      | Reached ** piety under Lugonu
  2690 | D:3      | Reached skill level 5 in Axes
  2690 | D:3      | Reached skill level 5 in Armour
  3292 | D:3      | Found a shimmering blue altar of Sif Muna.
  3430 | D:4      | Reached XP level 7. HP: 43/59 MP: 10/10
  3602 | D:4      | Reached skill level 7 in Fighting
  4300 | D:4      | Reached XP level 8. HP: 28/63 MP: 12/12
  4301 | D:4      | Found an opulent altar of Gozag.
  4309 | D:4      | Reached *** piety under Lugonu
  4601 | D:4      | Found a runed translucent door.
  4602 | D:4      | Noticed Crazy Yiuf
  4725 | D:4      | Killed Crazy Yiuf
  6386 | D:6      | Found a glowing golden altar of the Shining One.
  6551 | D:6      | Reached XP level 9. HP: 64/72 MP: 14/14
  6617 | D:7      | Found a broken altar of Ashenzari.
  6621 | D:7      | Found a radiant altar of Vehumet.
  6621 | D:7      | Found a shimmering altar of Xom.
  6642 | D:7      | Found a burning altar of Makhleb.
  7315 | D:7      | Found a staircase to the Ecumenical Temple.
  7789 | D:7      | Reached skill level 5 in Dodging
  7810 | D:7      | Reached **** piety under Lugonu
  7862 | D:7      | Reached skill level 8 in Fighting
  8101 | D:7      | Noticed a cyan ugly thing
  8102 | D:7      | Noticed a manticore
  8113 | D:7      | HP: 2/74 [manticore (8)]
  8113 | D:7      | Slain by a cyan ugly thing

Illustrated notes

Levels and vault maps discovered:
D:1:      heliophobic_arrival_ceremonial_halls, layout_loops_cross,
          hellmonk_ecumenical_altar_lost_god
D:2:      layout_rooms, kennysheep_crisscross, minivault_4
D:3:      minmay_evil_eye, layout_loops_ring, nicolae_qazlal_style_of_elements,
          lemuel_blue_sif_altar, mainiacjoe_overflow_boulevard,
          portal_sewer_entry_a
D:4:      minmay_skewed_foursquare, layout_rooms, overflow_temple_1_default,
          uniq_crazy_yiuf_cottage
D:5:      layout_cave_pods, kiku_gazebo_garden_becter
D:6:      layout_loops_cross, nicolae_tso_carved_into_rock
D:7:      kennysheep_windowed_halls, layout_loops_corners, minitemple,
          nicolae_ashenzari_skybound, lemuel_temple_firewalk_b

Skill      XL: |  1  2  3  4  5  6  7  8  9 |
---------------+----------------------------+-----
Short Blades   | 1 2 3 4 |  4.4
Long Blades    | 1 2 3 4 |  4.4
Maces & Flails | 1 2 3 4 |  4.4
Polearms       | 1 2 3 4 |  4.4
Staves         | 1 2 3 4 |  4.4
Slings         | 1 2 3 4 |  4.4
Bows           | 1 2 3 4 |  4.4
Crossbows      | 1 2 3 4 |  4.4
Throwing       | 1 2 3 4 |  4.4
Stealth        | 1 2 3 4 |  4.4
Shields        | 1 2 3 4 |  4.4
Unarmed Combat | 1 2 3 4 |  4.4
Spellcasting   | 1 2 3 4 |  4.4
Evocations     | 1 2 3 4 |  4.4
Conjurations   | 1 2 3 |  3.6
Hexes          | 1 2 3 |  3.6
Summonings     | 1 2 3 |  3.6
Necromancy     | 1 2 3 |  3.6
Translocations | 1 2 3 |  3.6
Transmutations | 1 2 3 |  3.6
Fire Magic     | 1 2 3 |  3.6
Ice Magic      | 1 2 3 |  3.6
Air Magic      | 1 2 3 |  3.6
Earth Magic    | 1 2 3 |  3.6
Poison Magic   | 1 2 3 |  3.6
Dodging        | 3 4 5 |  5.2
Invocations    | 5 6 |  6.7
Axes           | 5 6 |  6.4
Armour         | 5 6 |  6.4
Fighting       | 7 8 |  8.0

Action                   |  1- 3 |  4- 6 |  7- 9 || total
-------------------------+-------+-------+-------++-------
Melee: Hand axe          |   102 |   170 |   133 ||   405
       Bite              |     9 |    16 |    56 ||    81
       Punch             |     1 |     2 |       ||     3
       Quarterstaff      |       |       |   208 ||   208
Throw: Javelin           |       |     8 |     9 ||    17
Invok: Depart the Abyss  |     1 |       |       ||     1
Evoke: Wand              |       |     1 |       ||     1
  Use: Scroll            |       |     1 |     9 ||    10
       Potion            |       |       |     2 ||     2
 Stab: Confused          |       |       |     2 ||     2
       Paralysed         |       |       |     1 ||     1
Armor: Leather armour    |    12 |       |       ||    12
       Ring mail         |    40 |    80 |       ||   120
       Chain mail        |       |       |   148 ||   148
       Plate armour      |       |       |    59 ||    59
Dodge: Dodged            |   105 |   162 |   167 ||   434

Table legend: (Time is in decaauts)
 A = Elapsed time spent in this place.
 B = Non-inter-level travel time spent in this place.
 C = Inter-level travel time spent in this place.
 D = Time resting spent in this place.
 E = Time spent auto-exploring this place.
 F = Levels seen in this place.
 G = Mean time per level.
                   A        B        C        D        E       F      G
               +--------+--------+--------+--------+--------+-----+--------+
         Total |   8165 |   7891 |    274 |    985 |   5327 |   8 | 1020.6 |
       Dungeon |   8092 |   7818 |    274 |    985 |   5263 |   7 | 1156.0 |
         Abyss |     73 |     73 |      0 |      0 |     64 |   1 |   73.0 |
               +--------+--------+--------+--------+--------+-----+--------+

Top non-repeatable levels by time:
     D:4: 1578 daAuts
     D:7: 1505 daAuts
     D:3: 1307 daAuts
     D:5: 1286 daAuts
     D:6: 884 daAuts
     D:1: 840 daAuts
     D:2: 691 daAuts
 Abyss:1: 73 daAuts
